 Dungeon Crawl Stone Soup version 0.30-a0-965-g42e074c17a (webtiles) character file.

Game seed: 16186630400054530658

249 Ahpoh the Slasher (level 6, -13/37 HPs)
             Began as a Gargoyle Gladiator on Mar 30, 2023.
             Mangled by an ogre
             ... wielding a +0 giant club
              (24 damage)
             ... on level 4 of the Dungeon.
             The game lasted 00:06:12 (2906 turns).

Ahpoh the Slasher (Gargoyle Gladiator)              Turns: 2906, Time: 00:06:12

Health: -13/37     AC: 17    Str: 17    XL:     6   Next: 12%
Magic:  6/6        EV:  5    Int:  9    God:
Gold:   178        SH:  0    Dex: 13    Spells: 5/5 levels left

rFire   . . .      SeeInvis .    a - +0 long sword
rCold   . . .      Faith    .    (no shield)
rNeg    + . .      Spirit   .    y - +0 plate armour
rPois   ∞          Reflect  .    c - +0 helmet
rElec   +          Rampage  .    f - +0 cloak
rCorr   .                        (no gloves)
Will    .....                    (no boots) Stlth
                                 d - amulet of regeneration
HPRegen 1.06/turn                (no ring)
MPRegen 0.10/turn                (no ring)

@: no status effects
A: sickness immunity, AC +4, negative energy resistance 1, electricity
resistance, torment resistance 1, petrification resistance
a: no special abilities


You were on level 4 of the Dungeon.
You visited 1 branch of the dungeon, and saw 4 of its levels.

You collected 178 gold pieces.

Inventory:

Hand Weapons
 a - a +0 long sword (weapon)
Armour
 c - a +0 helmet (worn)
 f - a +0 cloak (worn)
 k - an orb of energy
 y - a +0 plate armour (worn)
Jewellery
 d - an amulet of regeneration (around neck)
 i - a ring of wizardry
Wands
 v - a wand of flame (22)
Scrolls
 j - 3 scrolls of blinking {unknown}
 l - a scroll of identify {unknown}
 n - 3 scrolls of teleportation {unknown}
 q - 3 scrolls of magic mapping {unknown}
 r - 2 scrolls of enchant armour {unknown}
 w - 2 scrolls of immolation {unknown}
Potions
 b - a potion of mutation {unknown}
 g - 2 potions of attraction {unknown}
 h - a potion of brilliance {unknown}
 m - 3 potions of curing {unknown}
 o - 2 potions of heal wounds {unknown}
 p - a potion of berserk rage {unknown}
 s - 2 potions of might {unknown}
 t - a potion of ambrosia {unknown}
 u - a potion of haste {unknown}
 z - a potion of cancellation {unknown}


   Skills:
 + Level 3.0 Fighting
 + Level 5.0 Long Blades
 + Level 2.0 Throwing
 + Level 2.4 Armour
 + Level 2.6 Dodging


You had 5 spell levels left.
You didn't know any spells.
Your spell library contained the following spells:

 Spells                   Type           Power      Damage    Failure   Level
 Ensorcelled Hibernation  Hex/Ice        0%         N/A       100%        2
 Frozen Ramparts          Ice            0%         1d1       100%        3
 Gell's Gravitas          Tloc           0%         N/A       100%        3
 Spider Form              Tmut/Pois      0%         N/A       100%        3
 Teleport Other           Tloc           0%         N/A       100%        3
 Anguish                  Hex/Necr       0%         N/A       100%        4
 Ice Form                 Ice/Tmut       0%         N/A       100%        4
 Leda's Liquefaction      Hex/Erth       0%         N/A       100%        4
 Summon Ice Beast         Ice/Summ       0%         N/A       100%        4
 Lee's Rapid Deconstruct  Erth           0%         3d4*      100%        5
 Dispersal                Tloc           0%         N/A       100%        6
 Statue Form              Tmut/Erth      Unusable   N/A       N/A         6

Dungeon Overview and Level Annotations

Branches:
Dungeon (4/15)
 Temple: D:4-7

Altars:
Fedhas
Makhleb
Nemelex Xobeh
Sif Muna


Innate Abilities, Weirdness & Mutations

You are immune to sickness and miasma.
Your stone body is resilient. (AC +4)
You are immune to poison.
You resist negative energy. (rN+)
You are resistant to electric shocks. (rElec)
You are resistant to unholy torment.
You are immune to petrification.


Message History

Aim: an ogre, wielding a +0 giant club (74% to hit)
You throw a throwing net. The throwing net hits the ogre.
The ogre is caught in the net!
You barely miss the ogre.
The ogre struggles against the net. x2
You catch the helpless ogre completely off-guard!
You hit the ogre.
The ogre is lightly wounded.
The ogre struggles against the net.
You completely miss the ogre.
The ogre is lightly wounded.
The ogre struggles against the net.
The net rips apart, and the ogre comes free!
You slash the ogre!
The ogre is moderately wounded.
The ogre hits you with a +0 giant club.
You barely miss the ogre.
The ogre is moderately wounded.
The ogre hits you with a +0 giant club!
You hit the ogre.
The ogre is heavily wounded.
You hit the ogre.
The ogre is heavily wounded.
The ogre barely misses you.
You hit the ogre but do no damage.
The ogre is heavily wounded.
The ogre barely misses you.
You hit the ogre.
The ogre is heavily wounded.
The ogre hits you with a +0 giant club!
* * * LOW HITPOINT WARNING * * *
You hit the ogre but do no damage.
The ogre is heavily wounded.
The ogre barely misses you.
You hit the ogre.
The ogre is heavily wounded.
You slash the ogre!
The ogre is almost dead.
The ogre hits you with a +0 giant club!!
Ouch! That really hurt!
You die...

##### ##...##
##.....## ####
#.......# #...
#.......# ..#
#.......# ###..+
#......## ###....#
........# #......#
#.......# #.#.@..#
#.......#####.#.O..+
##.....#......##.###
##...#.....####.#
#..###.....# #.#
#.###..##### .(#
##.##..## .##
......## .#
..###.####### #.###
###


You could see an ogre.

Vanquished Creatures
  4 lemures (D:4)
  A scorpion (D:4)
  A hound (D:3)
  An orc priest (D:3)
  An orc wizard (D:3)
  6 adders
  2 dart slugs (D:3)
  3 orcs
  4 bats
  2 endoplasms
  5 giant cockroaches
  4 hobgoblins
  6 jackals
  A quokka (D:3)
  3 ball pythons
  2 goblins (D:3)
  4 kobolds
  5 rats
55 creatures vanquished.

Notes
Turn   | Place    | Note
-------+----------+-------------------------------------------
     0 | D:1      | Ahpoh the Gargoyle Gladiator began the quest for the Orb.
     0 | D:1      | Reached XP level 1. HP: 12/12 MP: 1/1
   252 | D:1      | Found a faded altar of an unknown god.
   296 | D:1      | Reached XP level 2. HP: 17/17 MP: 2/2
   469 | D:1      | Reached skill level 3 in Long Blades
  1050 | D:2      | Reached skill level 1 in Armour
  1050 | D:2      | Reached XP level 3. HP: 17/21 MP: 3/3
  1653 | D:3      | Reached XP level 4. HP: 27/27 MP: 4/4
  1706 | D:3      | Reached skill level 4 in Long Blades
  1861 | D:3      | Found a blossoming altar of Fedhas.
  1866 | D:3      | Found a shimmering blue altar of Sif Muna.
  1872 | D:3      | Found a burning altar of Makhleb.
  2304 | D:4      | Noticed a scorpion
  2323 | D:4      | Killed a scorpion
  2324 | D:4      | Reached XP level 5. HP: 26/31 MP: 5/5
  2525 | D:3      | Reached XP level 6. HP: 36/37 MP: 6/6
  2549 | D:4      | Reached skill level 5 in Long Blades
  2676 | D:4      | Found a sparkling altar of Nemelex Xobeh.
  2906 | D:4      | Mangled by an ogre

Illustrated notes

Levels and vault maps discovered:
D:1:      heliophobic_arrival_enchanted_forest, layout_basic,
          nicolae_ecumenical_lake_church, minivault_4,
          minmay_misc_feat_secret_circle
D:2:      layout_loops_cross
D:3:      layout_basic, minmay_overflow_temple_star_quad,
          hangedman_abyss_or_decor_stabs, kennysheep_generic_room_14
D:4:      layout_rooms, mainiacjoe_overflow_boulevard,
          mainiacjoe_overflow_six_doors_small, kennysheep_generic_room_7,
          uniq_pikel

Skill      XL: |  1  2  3  4  5  6 |
---------------+-------------------+-----
Long Blades    | 3 4 5 |  5.0
Armour         | 1 2 |  2.4
Throwing       | 2 |  2.0
Fighting       | 3 |  3.0
Dodging        | |  2.6

Action                     |  1- 3 |  4- 6 || total
---------------------------+-------+-------++-------
  Melee: Long sword        |   115 |   176 ||   291
         Punch             |       |     1 ||     1
  Throw: Throwing net      |       |     5 ||     5
         Javelin           |       |     1 ||     1
   Stab: Held in net/web   |       |     1 ||     1
 Armour: Leather armour    |    24 |       ||    24
         Chain mail        |    98 |    41 ||   139
         Plate armour      |       |   145 ||   145
  Dodge: Dodged            |    95 |    64 ||   159

Table legend: (Time is in decaauts)
 A = Elapsed time spent in this place.
 B = Non-inter-level travel time spent in this place.
 C = Inter-level travel time spent in this place.
 D = Time resting spent in this place.
 E = Time spent auto-exploring this place.
 F = Levels seen in this place.
 G = Mean time per level.
                   A        B        C        D        E       F      G
               +--------+--------+--------+--------+--------+-----+--------+
         Total |   2969 |   2969 |      0 |     27 |   1832 |   4 |  742.2 |
       Dungeon |   2969 |   2969 |      0 |     27 |   1832 |   4 |  742.2 |
               +--------+--------+--------+--------+--------+-----+--------+

Top non-repeatable levels by time:
     D:3: 863 daAuts
     D:1: 850 daAuts
     D:2: 684 daAuts
     D:4: 571 daAuts
